 Dungeon Crawl Stone Soup version 0.32-a0-975-g85d4e5bfdb (webtiles) character file.

Game seed: 13564918682785415390

403 kae the Changeling (level 6, -3/43 HPs)
             Began as a Demonspawn Shapeshifter on Apr 18, 2024.
             Was an Initiate of Ru.
             Slain by an ogre
             ... wielding a +0 giant club
              (18 damage)
             ... on level 5 of the Dungeon.
             The game lasted 00:02:14 (3561 turns).

kae the Changeling (Demonspawn Shapeshifter)        Turns: 3561, Time: 00:02:14

Health: -3/43      AC: 18    Str: 15    XL:     6   Next: 55%
Magic:  6/6        EV:  3    Int: 10    God:    Ru [......]
Gold:   152        SH:  0    Dex: 14    Spells: 5/5 levels left

rFire   . .          .
                       - Unarmed
rCold   + . .        (no shield)
rNeg    . . .        i - +2 plate armour {rC+}
rPois   .            (helmet currently unavailable)
rElec   .            (cloak currently unavailable)
rCorr   .            (gloves currently unavailable)
SInv    .            (boots currently unavailable)
Will    +....        (no amulet) Stlth
                     k - ring of willpower
HPRegen 0.27/turn    (no ring)
MPRegen 0.10/turn

%: no passive effects
@: beast-form, sanguine armoured
A: beast (slay +3), spiny 1, sanguine armour 1, weakness stinger 2
a: Begin Untransformation, Renounce Religion


You were on level 5 of the Dungeon.
You worshipped Ru.
Ru was noncommittal.
You were a hulking beast.
You visited 2 branches of the dungeon, and saw 6 of its levels.

You collected 174 gold pieces.
You spent 22 gold pieces at shops.


Innate Abilities, Weirdness & Mutations

You are a hulking beast.
Your limbs bulge with bestial killing power. (Slay +3)
You are partially covered in sharp spines.
When seriously injured, your blood forms armour. (AC +6)
You have a tail ending in a sharp stinger.


   Skills:
 - Level 1.0 Fighting
 - Level 1.7 Dodging
 + Level 4.4 Unarmed Combat
 * Level 5.4 Shapeshifting


You had 5 spell levels left.
You didn't know any spells.
Your spell library contained the following spells:

 Spells                   Type           Power      Damage    Failure   Level
 Freeze                   Ice            0%         1d3       100%        1
 Lesser Beckoning         Tloc           0%         N/A       100%        2
 Frozen Ramparts          Ice            0%         1d1       100%        3
 Hailstorm                Conj/Ice       0%         3d5       100%        3
 Maxwell's Portable Pile  Tloc           0%         2d(5-13)  100%        3
 Teleport Other           Tloc           0%         N/A       100%        3

Inventory:

Missiles
 f - 32 stones (quivered)
 l - 2 poisoned darts
Armour
 a - a +0 animal skin
 i - a +2 plate armour of cold resistance (worn)
   (You found it on level 3 of the Dungeon)
 s - a +0 cloak
   (You found it on level 4 of the Dungeon)
Jewellery
 k - a ring of willpower (left hand)
   (You found it on level 2 of the Dungeon)
 L - a ring of flight
   (You found it on level 5 of the Dungeon)
 T - an amulet of faith {!P}
   (You found it on level 2 of the Dungeon)
Talismans
 c - a beast talisman (active)
 d - a flux talisman
Scrolls
 e - 2 scrolls of amnesia
 j - a scroll of fear
Potions
 b - a potion of lignification {!q}
 g - a potion of haste {@q3}
 h - a potion of curing {unknown}
 m - a potion of degeneration {unknown}
 n - a potion of attraction {!q}
 o - a potion of brilliance
 p - a potion of ambrosia {unknown}
 q - a potion of heal wounds {unknown}
 r - a potion of mutation {unknown}

Dungeon Overview and Level Annotations

Branches:
Dungeon (5/15) Zot: 26507  Temple (1/1) D:4 Zot: 5944

Altars:
Ashenzari
Cheibriados
Dithmenos
Fedhas
Gozag
Kikubaaqudgha
Makhleb
Nemelex Xobeh
Qazlal
Ru
Trog
Wu Jian
Xom
Yredelemnul

Shops:
D:1

? #.......... # #.
#...<...... #. #.
#.......... #.. #.
#.......... ##..##.
#######...# #......
#...# #......##### #...#
#.....YO...# #...#
#......h...# #...#
#..........### #...#
...#.........###########
. #.......#............
#.......##...........
#.#.....##...........
#.#.....#############
#.#.....# #...# #.....#
#...#


You could see an ice beast and an ogre.


Message History

Search for what [Enter for "ru", or ? for help]? cloak You see here a +0 cloak.
s - a +0 cloak
There is a stone staircase leading down here.
You climb downwards.
There is a stone staircase leading up here.
A phantom is nearby!
You can't go down here!
Unknown command.
You barely miss the phantom.
Your tail-slap misses the phantom.
You hit the phantom.
The phantom hits you but does no damage.
You hit the phantom. The phantom is struck by your spines.
The phantom hits you but does no damage.
You punch the phantom! The phantom hits you.
The phantom blinks!
You blink.
You hit the phantom but do no damage. The phantom is struck by your spines.
You destroy the phantom!
Your Shapeshifting skill increases to level 5!
You have reached level 6!
Your demonic ancestry asserts itself...
Your tail grows a sharp stinger. 😕 HP[+5] MP[+1]
You now have 43 max hp (+6).
You regained 5 hp, and now have 42/43 hp.
Your mp is fully restored (6).
Okay, then.
Okay, then.
Okay, then.
You see here the +11 whip of Rubbish {vamp, rF+ rC+ Str+4}. 😎 HP[+1]
Your hp is fully restored (43).
Found a stone staircase leading up.
There is a stone staircase leading up here.
L - a ring of flight An adder comes into view.
The adder hisses angrily.
An adder is nearby!
An adder is nearby!
The adder is struck by your spines. The adder bites you but does no damage.
The adder bites you.
You miss the adder.
Your tail-slap misses the adder.
The adder is struck by your spines.
The adder bites you but does no damage. 😕 HP[-1]
You take 1 damage, and now have 42/43 hp.
An adder is nearby!
You closely miss the adder. The adder bites you but does no damage.
You hit the adder.
You kill the adder! 😎 HP[+1]
Your hp is fully restored (43).
No target in view!
No target in view!
You open the door.
You now have 152 gold pieces (gained 14).
An ice beast comes into view.
An ice beast is nearby!
An ice beast is nearby!
The ice beast hits you but does no damage.
You barely miss the ice beast. You tail-slap the ice beast!
The ice beast hits you but does no damage.
An ice beast is nearby!
You barely miss the ice beast. The ice beast barely misses you.
You closely miss the ice beast. You tail-slap the ice beast!
The ice beast hits you but does no damage.
You closely miss the ice beast. You tail-slap the ice beast.
The ice beast barely misses you.
You hit the ice beast but do no damage. The ice beast is struck by your spines.
The ice beast hits you but does no damage.
You hit the ice beast but do no damage. You tail-slap the ice beast.
You punch the ice beast!
You kill the ice beast!
No target in view!
No target in view!
An ice beast comes into view.
An ice beast is nearby!
An ice beast is nearby!
An ogre comes into view. It is wielding a +0 giant club.
The ice beast hits you but does no damage.
You hit the ice beast but do no damage.
The ice beast hits you but does no damage.
You hit the ice beast. The ice beast barely misses you.
You hit the ice beast but do no damage.
Your tail-slap misses the ice beast.
The ice beast is struck by your spines.
The ice beast hits you but does no damage.
You hit the ice beast.
The ogre hits you with a +0 giant club!!
Ouch! That really hurt!
* * * LOW HITPOINT WARNING * * *
Your blood congeals into armour.
The ice beast hits you but does no damage.
You are too injured to fight recklessly! 😨 HP[-28]
You take 28 damage, and now have 15/43 hp.
MASSIVE DAMAGE!! (PAUSE)
You barely miss the ice beast. The ice beast barely misses you.
The ogre is struck by your spines.
The ogre hits you with a +0 giant club!!
You die...
Ru respects your ultimate sacrifice.

Skill      XL: |  1  2  3  4  5 |
---------------+----------------+-----
Shapeshifting  | 3 4 5 |  5.4
Unarmed Combat | 3 4 |  4.4
Fighting       | |  1.0
Dodging        | |  1.7

Action                     |  1- 3 |  4- 6 || total
---------------------------+-------+-------++-------
  Melee: Unarmed           |    70 |   127 ||   197
         Tailslap          |       |    10 ||    10
    Use: Scroll            |     1 |    10 ||    11
         Potion            |       |     1 ||     1
   Stab: Sleeping          |     1 |       ||     1
 Armour: Animal skin       |    31 |    14 ||    45
         Skin              |       |    36 ||    36
         Plate armour      |       |    53 ||    53
  Dodge: Dodged            |    27 |    28 ||    55

Levels and vault maps discovered:
D:1:      dpeg_arrival_round_a, layout_rooms, serial_shops,
          nicolae_shop_advertising_works [nicolae_subvault_shop_adworks]
D:2:      layout_basic
D:3:      layout_basic, nicolae_gozag_seed_capital,
          mainiacjoe_overflow_chevrons, minmay_bisected
D:4:      layout_basic, lemuel_zombie_altar_yredelemnul,
          minmay_temple_entry_statues_pillars
D:5:      layout_basic, lemuel_round_altar, serial_co_window_serial,
          co_window_paths_b, co_window_paths_b, co_window_of_opportunity_a,
          co_window_paths_b, co_window_of_opportunity_a, co_window_cross_3,
          co_window_cross_2, co_window_broadway_a, co_window_corner_b,
          co_window_2corner, co_window_corner_b, co_window_paths_e,
          glass_columns_c, glass_columns_b, glass_columns_b, grunt_ministairs_4,
          uniq_ijyb, uniq_blork_the_orc, uniq_menkaure
Temple:   chequers_temple_sunken

Notes
Turn   | Place    | Note
-------+----------+-------------------------------------------
     0 | D:1      | kae the Demonspawn Shapeshifter began the quest for the
                  | Orb.
     0 | D:1      | Reached XP level 1. HP: 15/15 MP: 1/1
     0 | D:1      | magus.rc [v1.11.3]
    54 | D:1      | HP: 2/15 [gnoll/+0 spear (6)]
    56 | D:1      | Reached skill level 3 in Shapeshifting
    56 | D:1      | Gained mutation: You are partially covered in sharp spines.
                  | [demonic ancestry]
    56 | D:1      | Reached XP level 2. HP: 4/21 MP: 2/2
   149 | D:1      | Reached skill level 3 in Unarmed Combat
   291 | D:1      | Found Watumnud's Magic Scroll Boutique.
   305 | D:1      | Bought a scroll of identify for 22 gold pieces
   431 | D:1      | Reached XP level 3. HP: 25/26 MP: 3/3
   466 | D:1      | You pick up a book of Displacement and begin reading...
   466 | D:1      | You add the spells Lesser Beckoning, Teleport Other and
                  | Maxwell's Portable Piledriver to your library.
   638 | D:2      | You pick up a book of Frost and begin reading...
   638 | D:2      | You add the spells Freeze, Frozen Ramparts and Hailstorm to
                  | your library.
   983 | D:2      | HP: 6/26 [poisoned by an adder]
  1098 | D:2      | Gained mutation: When seriously injured, your blood forms
                  | armour. (AC +6) [demonic ancestry]
  1098 | D:2      | Reached XP level 4. HP: 32/32 MP: 4/4
  1658 | D:3      | Reached skill level 4 in Shapeshifting
  1688 | D:3      | Gained mutation: You have a small tail. [demonic ancestry]
  1688 | D:3      | Reached XP level 5. HP: 37/37 MP: 5/5
  1737 | D:3      | Found an ornate altar of the Wu Jian Council.
  1784 | D:3      | Found an opulent altar of Gozag.
  2467 | D:4      | Found a staircase to the Ecumenical Temple.
  2477 | Temple   | Entered the Ecumenical Temple
  2504 | Temple   | Became a worshipper of Ru the Awakened
  3001 | D:4      | Reached skill level 4 in Unarmed Combat
  3364 | D:4      | Found a basalt altar of Yredelemnul.
  3419 | D:5      | Entered Level 5 of the Dungeon
  3419 | D:5      | Noticed a phantom
  3425 | D:5      | Killed a phantom
  3426 | D:5      | Reached skill level 5 in Shapeshifting
  3426 | D:5      | Gained mutation: You have a tail ending in a sharp stinger.
                  | [demonic ancestry]
  3426 | D:5      | Reached XP level 6. HP: 42/43 MP: 6/6
  3430 | D:5      | Identified the +11 whip of Rubbish {vamp, rF+ rC+ Str+4}
  3533 | D:5      | Noticed an ice beast
  3543 | D:5      | Killed an ice beast
  3553 | D:5      | Noticed an ice beast
  3561 | D:5      | Slain by an ogre

Vanquished Creatures
  An ice beast (D:5)
  A phantom (D:5)
  3 orc wizards (D:3)
  A hound zombie (D:4)
  A gnoll (D:1)
  5 adders
  An adder zombie (D:4)
  2 dart slugs
  A ribbon worm (D:2)
  4 orcs (D:3)
  7 ball pythons
  6 endoplasms
  2 giant cockroaches
  10 goblins
  5 hobgoblins
  9 jackals
  5 quokkas
  10 bats
  2 frilled lizards
  3 kobolds
  10 rats
89 creatures vanquished.

Table legend:
 A = Non-vault XP
 B = Vault XP
 C = Vault XP percentage of total XP
 D = Non-vault monster count
 E = Vault monster count
 F = Vault count percentage of total count
                 A         B        C        D         E       F
            +---------+---------+-------+---------+---------+-------
      Total |     544 |      33 |   5.7 |      83 |       6 |   6.7
            +---------+---------+-------+---------+---------+-------
        D:1 |      47 |       0 |   0.0 |      22 |       0 |   0.0
        D:2 |      76 |       0 |   0.0 |      18 |       0 |   0.0
        D:3 |     156 |       7 |   4.3 |      30 |       4 |  11.8
        D:4 |      20 |      26 |  56.5 |      10 |       2 |  16.7
        D:5 |     245 |       0 |   0.0 |       3 |       0 |   0.0
            +---------+---------+-------+---------+---------+-------

Skill      XL: |  1  2  3  4  5 |
---------------+----------------+-----
Shapeshifting  | 3 4 5 |  5.4
Unarmed Combat | 3 4 |  4.4
Fighting       | |  1.0
Dodging        | |  1.7

Action                     |  1- 3 |  4- 6 || total
---------------------------+-------+-------++-------
  Melee: Unarmed           |    70 |   127 ||   197
         Tailslap          |       |    10 ||    10
    Use: Scroll            |     1 |    10 ||    11
         Potion            |       |     1 ||     1
   Stab: Sleeping          |     1 |       ||     1
 Armour: Animal skin       |    31 |    14 ||    45
         Skin              |       |    36 ||    36
         Plate armour      |       |    53 ||    53
  Dodge: Dodged            |    27 |    28 ||    55

Illustrated notes

Table legend:
 A = Kills in this place as a percentage of kills in the entire game.
 B = Kills by you in this place as a percentage of kills by you in the entire game.
 C = Kills by friends in this place as a percentage of kills by friends in the entire game.
 D = Other kills in this place as a percentage of other kills in the entire game.
 E = Experience gained in this place as a percentage of experience gained in the entire game.
 F = Experience gained in this place divided by the number of levels of this place that you have seen.
                   A       B       C       D       E      F
               +-------+-------+-------+-------+-------+----------------------
         Total | 100.0 | 100.0 |   N/A |   N/A | 100.0 |  96.2
       Dungeon | 100.0 | 100.0 |   N/A |   N/A | 100.0 | 115.4
               +-------+-------+-------+-------+-------+----------------------

Table legend: (Time is in decaauts)
 A = Elapsed time spent in this place.
 B = Non-inter-level travel time spent in this place.
 C = Inter-level travel time spent in this place.
 D = Time resting spent in this place.
 E = Time spent auto-exploring this place.
 F = Levels seen in this place.
 G = Mean time per level.
                   A        B        C        D        E       F      G
               +--------+--------+--------+--------+--------+-----+--------+
         Total |   3547 |   3370 |    177 |     56 |   2821 |   6 |  591.2 |
       Dungeon |   3491 |   3369 |    122 |     56 |   2821 |   5 |  698.2 |
        Temple |     56 |      1 |     55 |      0 |      0 |   1 |   56.0 |
               +--------+--------+--------+--------+--------+-----+--------+

Top non-repeatable levels by time:
     D:2: 996 daAuts
     D:4: 957 daAuts
     D:3: 812 daAuts
     D:1: 584 daAuts
     D:5: 140 daAuts
  Temple: 56 daAuts
